 Dungeon Crawl Stone Soup version 0.30-b1-2-g02819fbbbe (webtiles) character file.

Game seed: 11357149631048665803

14 Hexicom the Trooper (level 2, -2/27 HPs)
             Began as a Hill Orc Fighter on May 3, 2023.
             Succumbed to a goblin's poison
             ... on level 1 of the Dungeon.
             The game lasted 00:04:50 (563 turns).

Hexicom the Trooper (Hill Orc Fighter)               Turns: 563, Time: 00:04:51

Health: -2/27      AC:  6    Str: 18    XL:     2   Next: 45%
Magic:  2/2        EV:  9    Int:  8    God:
Gold:   60         SH:  4    Dex: 10    Spells: 1/1 levels left

rFire   . . .        a - +0 war axe
rCold   . . .        c - +0 buckler
rNeg    . . .        b - +0 scale mail
rPois   .            (no helmet)
rElec   .            (no cloak)
rCorr   .            (no gloves)
SInv    .            (no boots)
Will    .....        (no amulet) Stlth
                     (no ring)
HPRegen 0.24/turn    (no ring)
MPRegen 0.08/turn

%: no passive effects
@: lethally poisoned (-2 -> -17)
A: no striking features
a: no special abilities


You were on level 1 of the Dungeon.
You visited 1 branch of the dungeon, and saw 1 of its levels.

You collected 60 gold pieces.

Inventory:

Hand Weapons
 a - a +0 war axe (weapon)
Missiles
 e - 32 stones (quivered)
Armour
 b - a +0 scale mail (worn)
 c - a +0 buckler (worn)
Scrolls
 g - a scroll of teleportation {unknown}
 h - 3 scrolls of vulnerability {unknown}
 j - a scroll of amnesia {unknown}
Potions
 d - a potion of might
 f - a potion of curing {unknown}
 i - a potion of berserk rage {unknown}


   Skills:
 - Level 3.8 Fighting
 + Level 3.4 Axes
 - Level 3.4 Armour
 - Level 3.4 Shields


You had one spell level left.
You didn't know any spells.
Your spell library was empty.

Dungeon Overview and Level Annotations

Branches:
Dungeon (1/15)

Altars:


Message History

You hit the dart slug.
The dart slug is lightly wounded.
The dart slug bites you but does no damage.
You hit the dart slug.
The dart slug is moderately wounded.
The dart slug closely misses you.
You slash the dart slug!
You kill the dart slug!
e - 32 stones (gained 7)
i - a sapphire potion You now have 47 gold pieces (gained 5).
Found a scroll labelled BIDY HOLIGHUE.
j - a scroll labelled BIDY HOLIGHUE
Found 13 gold pieces.
You now have 60 gold pieces (gained 13).
You open the door.
There is an open door here.
You open the door.
There is an open door here.
A goblin comes into view. It is wielding a +1 dagger of venom.
The goblin shouts!
You closely miss the goblin. The goblin barely misses you.
You closely miss the goblin. The goblin hits you but does no damage.
You are poisoned.
You barely miss the goblin.
You feel very sick.
The goblin hits you with a +1 dagger of venom.
You are more poisoned.
The goblin hits you with a +1 dagger of venom.
You are more poisoned.
You hit the goblin but do no damage.
You feel extremely sick. You block the goblin's attack.
You closely miss the goblin.
* * * LOW HITPOINT WARNING * * *
You feel extremely sick. The goblin barely misses you.
You slash the goblin!
You kill the goblin!
You die...

#....... ..#####......##
#...##.. ...............
........ ...............
........
........................
.............#..........
.............#.....#.##.
........)....#........#.
.......@#### #........#.
........'..#.#........#.
........##.#.#..........
##########.#.#.......#.#
#.#.#..........
#.#.##'#...####
#.#.##.#.......
#.#.##.#.....##
#......#.###.#


There were no monsters in sight!

Vanquished Creatures
  A dart slug (D:1)
  An endoplasm (D:1)
  5 goblins (D:1)
  3 hobgoblins (D:1)
  A kobold (D:1)
11 creatures vanquished.

Notes
Turn   | Place    | Note
-------+----------+-------------------------------------------
     0 | D:1      | Hexicom the Hill Orc Fighter began the quest for the Orb.
     0 | D:1      | Reached XP level 1. HP: 19/19 MP: 1/1
   247 | D:1      | Reached XP level 2. HP: 15/27 MP: 2/2
   563 | D:1      | Succumbed to a goblin's poison

Illustrated notes

Levels and vault maps discovered:
D:1:      dpeg_arrival_morbid_curiosity, layout_basic

Skill      XL: |  1 |
---------------+----+-----
Axes           | 3 |  3.4
Fighting       | |  3.8
Armour         | |  3.4
Shields        | |  3.4

Action                     || total
---------------------------++-------
  Melee: War axe           ||    25
 Armour: Scale mail        ||     4
  Dodge: Dodged            ||    10
  Block: Buckler           ||     5
